 Dungeon Crawl Stone Soup version 0.21.1-1-g345015f (console) character file.

398 fly the Grasshopper (level 6, -2/51 HPs)
             Began as a Gnoll Warper on Apr 30, 2018.
             Killed by nerve-wracking pain
             ... invoked by an orc priest
              (4 damage)
             ... on level 4 of the Dungeon.
             The game lasted 00:07:53 (3318 turns).

fly the Grasshopper (Gnoll Warper)                  Turns: 3318, Time: 00:07:54

Health: -2/51      AC:  3    Str: 16    XL:     6   Next: 83%
Magic:  13/14      EV: 16    Int: 18    God:
Gold:   307        SH:  0    Dex: 14    Spells: 8/15 levels left

rFire    . . .     SeeInvis .   a - +2 war axe (chop)
rCold    . . .     Gourm    .   (no shield)
rNeg     . . .     Faith    .   y - +0 leather armour
rPois    .         Spirit   .   (no helmet)
rElec    .         Reflect  .   (no cloak)
rCorr    .         Harm     .   (no gloves)
MR       .....                  (no boots)
Stlth    ++........             (no amulet)
HPRegen  0.17/turn              s - +3 ring of strength
MPRegen  0.14/turn              p - +2 ring of evasion

@: shrouded
A: distributed training, fangs 1, strong nose
a: no special abilities


You were on level 4 of the Dungeon.
You were very hungry.

You visited 1 branch of the dungeon, and saw 4 of its levels.

You collected 307 gold pieces.

Inventory:

Hand Weapons
 a - a +2 war axe of chopping (weapon)
 b - a +0 mace
 w - a +0 blowgun
Missiles
 e - 5 tomahawks of dispersal (quivered)
 t - 5 tomahawks
Armour
 y - a +0 leather armour (worn)
Jewellery
 p - a +2 ring of evasion (right hand)
 s - a +3 ring of strength (left hand)
Scrolls
 d - 2 scrolls of blinking
 g - 2 scrolls of magic mapping {unknown}
 h - 2 scrolls of remove curse {unknown}
 m - a scroll of enchant armour {unknown}
 n - 3 scrolls of identify {unknown}
 r - a scroll of noise {unknown}
 u - a scroll of teleportation {unknown}
Potions
 i - a potion of might {unknown}
 j - a potion of resistance {unknown}
 k - a potion of berserk rage {unknown}
 l - a potion of lignification {unknown}
 o - a potion of curing
 q - a potion of flight {unknown}
Books
 c - a book of Spatial Translocations

   Spells                             Type                      Level
   a - Blink                          Translocation                2
   b - Shroud of Golubria             Charms/Translocation         2
   c - Lesser Beckoning               Translocation                3
   d - Gell's Gravitas                Translocation                3
   e - Teleport Other                 Translocation                3
   f - Passage of Golubria            Translocation                4
Comestibles
 f - 4 rations


   Skills:
 + Level 5.0 Fighting
 + Level 2.1 Short Blades
 + Level 2.1 Long Blades
 + Level 2.1 Axes
 + Level 5.0 Maces & Flails
 + Level 2.1 Polearms
 + Level 2.1 Staves
 + Level 2.1 Slings
 + Level 2.1 Bows
 + Level 2.1 Crossbows
 + Level 3.3 Throwing
 + Level 3.3 Armour
 + Level 5.0 Dodging
 + Level 2.1 Stealth
 + Level 2.1 Shields
 + Level 2.1 Unarmed Combat
 + Level 5.4 Spellcasting
 + Level 1.6 Conjurations
 + Level 1.6 Hexes
 + Level 1.6 Charms
 + Level 1.6 Summonings
 + Level 1.6 Necromancy
 + Level 5.7 Translocations
 + Level 1.6 Transmutations
 + Level 1.6 Fire Magic
 + Level 1.6 Ice Magic
 + Level 1.6 Air Magic
 + Level 1.6 Earth Magic
 + Level 1.6 Poison Magic
 + Level 2.3 Invocations
 + Level 2.1 Evocations


You had 8 spell levels left.
You knew the following spells:

 Your Spells              Type           Power        Failure   Level  Hunger
b - Blink                 Tloc           N/A          2%          2    #......
l - Gell's Gravitas       Tloc           ####......   4%          3    ##.....
s - Shroud of Golubria    Chrm/Tloc      ###.......   4%          2    #......


Dungeon Overview and Level Annotations

Branches:
Dungeon (4/15)
 Temple: D:4-7

Altars:
Hepliaklqana
Okawaru
Qazlal


Innate Abilities, Weirdness & Mutations

Your experience applies equally to all skills.
You have very sharp teeth.
Your uncanny sense of smell can sniff out nearby items.


Message History

You kill the orc!
The orc priest invokes the aid of Beogh against you.
Beogh smites you! The orc barely misses you.
You barely miss the orc priest. Your bite misses the orc priest.
The orc priest is almost dead.
You slash the orc!
You kill the orc!
The orc priest invokes the aid of Beogh against you.
Pain shoots through your body!
* * * LOW HITPOINT WARNING * * *
The orc barely misses you.
You closely miss the orc priest. Your bite misses the orc priest.
The orc priest is almost dead.
You hit the orc but do no damage.
The orc priest hits you with a hand axe!
* * * LOW HITPOINT WARNING * * *
The orc barely misses you.
The orc priest invokes the aid of Beogh against you.
Pain shoots through your body!
You die...

.. #. # . .. ∆ #. ..
.#### ∆ #.##......
#...##..# ......#
#.....#### #.......#
##o.#..oo## #....[...
#...# #@.# #.......#
#.#...###.######......##
#.###.###>.............#
##.#
#......##..........##
##..#
######..#...........#
#..##
#.........##........#
#.##
#.####.######<....#.
##.#####.####O#
#####....#
#..#..........#
#......#.#.#


You could see an ogre (wandering), an orc priest and an orc.

Vanquished Creatures
  Sigmund (D:4)
  An orc wizard (D:3)
  2 worker ants (D:4)
  4 gnolls
  3 adders
  2 oozes
  An adder skeleton (D:3)
  2 dart slugs (D:1)
  2 worms (D:3)
  2 leopard geckos (D:3)
  14 orcs
  7 bats
  A giant cockroach (D:3)
  3 hobgoblins
  3 jackals (D:3)
  9 kobolds
  2 ball pythons
  5 frilled lizards
  6 goblins
  9 rats
79 creatures vanquished.

Notes
Turn   | Place    | Note
-------+----------+-------------------------------------------
     0 | D:1      | fly the Gnoll Warper began the quest for the Orb.
     0 | D:1      | Reached XP level 1. HP: 20/20 MP: 6/6
   154 | D:1      | Reached XP level 2. HP: 20/26 MP: 7/7
   767 | D:2      | Reached XP level 3. HP: 28/31 MP: 9/9
   826 | D:2      | Reached skill level 5 in Spellcasting
   941 | D:2      | Found an iron altar of Okawaru.
  1150 | D:2      | Found a hazy altar of Hepliaklqana.
  1169 | D:2      | Reached skill level 1 in Invocations
  1467 | D:3      | Reached skill level 1 in Short Blades
  1467 | D:3      | Reached skill level 1 in Long Blades
  1467 | D:3      | Reached skill level 1 in Axes
  1467 | D:3      | Reached skill level 1 in Polearms
  1467 | D:3      | Reached skill level 1 in Staves
  1467 | D:3      | Reached skill level 1 in Slings
  1467 | D:3      | Reached skill level 1 in Bows
  1467 | D:3      | Reached skill level 1 in Crossbows
  1467 | D:3      | Reached skill level 1 in Stealth
  1467 | D:3      | Reached skill level 1 in Shields
  1467 | D:3      | Reached skill level 1 in Unarmed Combat
  1467 | D:3      | Reached skill level 1 in Evocations
  1698 | D:3      | Reached XP level 4. HP: 28/38 MP: 11/11
  1718 | D:3      | Learned a level 2 spell: Blink
  1721 | D:3      | Learned a level 2 spell: Shroud of Golubria
  2026 | D:3      | Reached skill level 1 in Conjurations
  2026 | D:3      | Reached skill level 1 in Hexes
  2026 | D:3      | Reached skill level 1 in Charms
  2026 | D:3      | Reached skill level 1 in Summonings
  2026 | D:3      | Reached skill level 1 in Necromancy
  2026 | D:3      | Reached skill level 1 in Transmutations
  2026 | D:3      | Reached skill level 1 in Fire Magic
  2026 | D:3      | Reached skill level 1 in Ice Magic
  2026 | D:3      | Reached skill level 1 in Air Magic
  2026 | D:3      | Reached skill level 1 in Earth Magic
  2026 | D:3      | Reached skill level 1 in Poison Magic
  2146 | D:3      | Reached XP level 5. HP: 43/43 MP: 9/12
  2208 | D:3      | Found a stormy altar of Qazlal.
  2390 | D:3      | Learned a level 3 spell: Gell's Gravitas
  3048 | D:4      | Noticed an ogre
  3089 | D:4      | Reached XP level 6. HP: 48/50 MP: 13/13
  3128 | D:4      | Noticed Sigmund
  3242 | D:4      | Killed Sigmund
  3242 | D:4      | Reached skill level 5 in Fighting
  3242 | D:4      | Reached skill level 5 in Maces & Flails
  3242 | D:4      | Reached skill level 5 in Dodging
  3318 | D:4      | HP: 2/51 [orc priest/hand axe (9)]
  3318 | D:4      | Killed from afar by an orc priest

Skill      XL: |  1  2  3  4  5  6 |
---------------+-------------------+-----
Spellcasting   | 5 |  5.4
Invocations    | 1 2 |  2.3
Short Blades   | 1 2 |  2.1
Long Blades    | 1 2 |  2.1
Axes           | 1 2 |  2.1
Polearms       | 1 2 |  2.1
Staves         | 1 2 |  2.1
Slings         | 1 2 |  2.1
Bows           | 1 2 |  2.1
Crossbows      | 1 2 |  2.1
Stealth        | 1 2 |  2.1
Shields        | 1 2 |  2.1
Unarmed Combat | 1 2 |  2.1
Evocations     | 1 2 |  2.1
Conjurations   | 1 |  1.6
Hexes          | 1 |  1.6
Charms         | 1 |  1.6
Summonings     | 1 |  1.6
Necromancy     | 1 |  1.6
Transmutations | 1 |  1.6
Fire Magic     | 1 |  1.6
Ice Magic      | 1 |  1.6
Air Magic      | 1 |  1.6
Earth Magic    | 1 |  1.6
Poison Magic   | 1 |  1.6
Throwing       | 3 |  3.3
Armour         | 3 |  3.3
Fighting       | 5 |  5.0
Maces & Flails | 5 |  5.0
Dodging        | 5 |  5.0
Translocations | |  5.7

Action                   |  1- 3 |  4- 6 || total
-------------------------+-------+-------++-------
Melee: Mace              |   126 |    30 ||   156
       Bite              |     9 |    12 ||    21
       War axe           |       |    65 ||    65
       Punch             |       |     1 ||     1
 Cast: Shroud of Golubri |       |     4 ||     4
       Gell's Gravitas   |       |     4 ||     4
  Use: Potion            |       |     1 ||     1
 Stab: Sleeping          |     3 |       ||     3
  Eat: Chunk             |     3 |     4 ||     7
Armor: Leather armour    |    30 |    12 ||    42
Dodge: Dodged            |    96 |   111 ||   207
